 Dungeon Crawl Stone Soup version 0.17.0-24-gcfadda4 (webtiles) character file.

128 MTVSty1e the Ruffian (level 4, -7/36 HPs)
             Began as a Draconian Transmuter on Nov 17, 2015.
             Mangled by MDvedh's ghost (10 damage)
             ... on level 3 of the Dungeon.
             The game lasted 00:08:18 (2342 turns).

MTVSty1e the Ruffian (Draconian Transmuter)         Turns: 2342, Time: 00:08:22

Health: -7/36      AC:  5    Str: 19    XL:     4   Next: 87%
Magic:  6/7        EV: 18    Int: 13    God:
Gold:   70         SH:  0    Dex: 16    Spells: 1 memorised, 7 levels left

rFire  . . .     SeeInvis .       - Unarmed
rCold  . . .     Clarity  .     (armour unavailable)
rNeg   . . .     SustAt   .     (no shield)
rPois  .         Gourm    .     (helmet restricted)
rElec  .         Spirit   .     (no cloak)
rCorr  .         Warding  .     (no gloves)
rMut   .         Stasis   .     (no boots)
MR     .....                    (no amulet)
Stlth  +++.......               (no ring)
                                (no ring)

@: mighty, agile, appendage, not resistant to hostile enchantments, fairly
stealthy
A: unfitting armour, horns 2, cold-blooded, AC +5
a: End Transformation


You were on level 3 of the Dungeon.
You were not hungry.
You had grown temporary horns.
You visited 1 branch of the dungeon, and saw 3 of its levels.

You collected 70 gold pieces.

Inventory:

Missiles
 a - 34 arrows
Scrolls
 e - a scroll of identify
 f - a scroll of fear {unknown}
 g - 2 scrolls of teleportation {unknown}
 i - a scroll of remove curse {unknown}
 j - a scroll of enchant armour {unknown}
 m - a scroll of amnesia {unknown}
 o - a scroll of magic mapping {unknown}
Potions
 h - a potion of lignification
 l - a potion of curing
Books
 b - a book of Changes

   Spells                             Type                      Level
   a - Beastly Appendage              Transmutation                1
   b - Sticks to Snakes               Transmutation                2
   c - Spider Form                    Transmutation/Poison         3
   d - Ice Form                       Ice/Transmutation            4
   e - Blade Hands                    Transmutation                5
Comestibles
 c - 5 bread rations
 d - a meat ration


   Skills:
 + Level 1.7 Fighting
 + Level 3.3 Dodging
 + Level 0.2 Stealth
 + Level 3.6 Unarmed Combat
 + Level 2.5 Spellcasting
 + Level 2.4 Transmutations


You had 7 spell levels left.
You knew the following spells:

 Your Spells              Type           Power        Failure   Level  Hunger
a - Beastly Appendage     Trmt           #.....       10%         1    #......


Dungeon Overview and Level Annotations

Branches:
Dungeon (3/15)

Altars:
Xom

Annotations:
D:3 MDvedh's ghost, amateur GrSu


Innate Abilities, Weirdness & Mutations

Your plain brown scales are hard (AC +5).
Your body does not fit into most forms of armour.
You are cold-blooded and may be slowed by cold attacks.
You have a pair of horns on your head.


Message History

MDvedh's ghost hits you but does no damage.
The hobgoblin hits you but does no damage.
MDvedh's ghost hits you but does no damage.
The hobgoblin barely misses you.
MDvedh's ghost hits you but does no damage.
You feel less woody. The hobgoblin closely misses you. MDvedh's ghost hits you.
* * * LOW HITPOINT WARNING * * *
Casting: Beastly Appendage
Confirm with . or Enter, or press ? or * to list all spells.
You grow a pair of large bovine horns.
The hobgoblin closely misses you. MDvedh's ghost misses you.
MDvedh's ghost misses you.
You barely miss MDvedh's ghost. You headbutt MDvedh's ghost.
MDvedh's ghost is heavily damaged.
The hobgoblin hits you.
* * * LOW HITPOINT WARNING * * *
MDvedh's ghost whispers, "Meet the emptiness of death!"
MDvedh's ghost hits you!
You die...

###...#
#.....##....##
#............##
#....## .)....#
#<....# ......
#.....# ....#
#<....##....#
#.....W#....##.
#####.@g.......
##..##.###.
##..# .....
.#.### #+ ##


You could see MDvedh's ghost and a hobgoblin.

Vanquished Creatures
  Natasha (D:3)
  5 adders (D:2)
  An ooze (D:1)
  3 giant geckos
  A ball python (D:2)
  6 giant cockroaches
  4 goblins
  6 hobgoblins
  6 jackals
  A kobold (D:2)
  A quokka (D:2)
  10 bats
  6 giant newts
  3 rats
54 creatures vanquished.

Notes
Turn   | Place    | Note
--------------------------------------------------------------
     0 | D:1      | MTVSty1e the Draconian Transmuter began the quest for the Orb.
     0 | D:1      | Reached XP level 1. HP: 16/16 MP: 3/3
   101 | D:1      | Reached XP level 2. HP: 18/23 MP: 3/5
   976 | D:2      | Reached XP level 3. HP: 17/28 MP: 4/6
  1292 | D:2      | Found a shimmering altar of Xom.
  1764 | D:2      | Reached XP level 4. HP: 21/35 MP: 5/7
  2298 | D:3      | Noticed Natasha
  2314 | D:3      | Noticed MDvedh's ghost (amateur GrSu)
  2320 | D:3      | Killed Natasha
  2342 | D:3      | Mangled by MDvedh's ghost

Action                   |  1- 3 |  4- 6 || total
-------------------------+-------+-------++-------
Melee: Unarmed           |   138 |    90 ||   228
 Cast: Beastly Appendage |    19 |    10 ||    29
  Use: Scroll            |     1 |       ||     1
       Potion            |       |     4 ||     4
  Eat: Bread ration      |     1 |       ||     1
       Pizza             |     1 |       ||     1
